 Dungeon Crawl Stone Soup version 0.19.0-20-gbc5f0c6 (webtiles) character file.

3689 Ladykiller69 the Grappler (level 9, -11/81 HPs)
             Began as a Troll Fighter on Nov 16, 2016.
             Was a Follower of Uskayaw.
             Mangled by Erica
             ... wielding a +3 scimitar of flaming
              (12 damage)
             ... on level 9 of the Dungeon.
             The game lasted 00:13:39 (6268 turns).

Ladykiller69 the Grappler (Troll Fighter)           Turns: 6268, Time: 00:13:40

Health: -11/81     AC:  6    Str: 26    XL:     9   Next: 90%
Magic:  12/12      EV: 10    Int:  9    God:    Uskayaw [*.....]
Gold:   367        SH: 11    Dex: 12    Spells: 0 memorised, 8 levels left

rFire  . . .     SeeInvis .       - Unarmed
rCold  . . .     Gourm    +     w - +0 robe (curse)
rNeg   . . .     Faith    .     b - +0 shield
rPois  .         Spirit   .     (helmet restricted)
rElec  .         Reflect  .     t - +0 cloak
rCorr  .         Harm     .     (gloves unavailable)
MR     .....                    (boots unavailable)
Stlth  +.........               (no amulet)
                                (no ring)
                                (no ring)

@: brilliant, slowed, very slow
A: unfitting armour, claws 3, fast metabolism 3, gourmand, regeneration 1,
shaggy fur 1, tough skin 2
a: Stomp, Renounce Religion


You were on level 9 of the Dungeon.
You worshipped Uskayaw.
Uskayaw was noncommittal.
You were full.

You visited 2 branches of the dungeon, and saw 10 of its levels.

You collected 367 gold pieces.

Inventory:

Missiles
 l - 231 stones
 m - 2 throwing nets
 u - 14 tomahawks
 L - a large rock (quivered)
Armour
 a - a +0 robe
 b - a +0 shield (worn)
 t - a +0 cloak (worn)
 w - a cursed +0 robe (worn)
 C - a +2 robe
Jewellery
 k - a cursed amulet of inaccuracy {unknown}
Wands
 M - a wand of iceblast (7/15)
 N - a wand of digging (13/24)
Scrolls
 e - 4 scrolls of remove curse {unknown}
 h - 7 scrolls of identify {unknown}
 i - a scroll of random uselessness {unknown}
 p - 4 scrolls of teleportation {unknown}
 r - a scroll of recharging {unknown}
 x - a scroll of fear {unknown}
 y - a scroll of noise {unknown}
 B - 2 scrolls of enchant weapon {unknown}
 D - 2 scrolls of enchant armour {unknown}
 E - a scroll of magic mapping {unknown}
 F - a scroll of immolation {unknown}
 H - a scroll of silence {unknown}
 I - a scroll of fog {unknown}
Potions
 c - 2 potions of might
 j - 3 potions of flight {unknown}
 n - a potion of heal wounds {unknown}
 q - a potion of haste {unknown}
 s - a potion of agility {unknown}
 z - 2 potions of resistance {unknown}
 G - 2 potions of curing {unknown}
 K - a potion of lignification {unknown}
Books
 v - a book of Frost

   Spells                             Type                      Level
   a - Freeze                         Ice                          1
   b - Throw Frost                    Conjuration/Ice              2
   c - Ozocubu's Armour               Charms/Ice                   3
   d - Throw Icicle                   Conjuration/Ice              4
   e - Summon Ice Beast               Ice/Summoning                4
Comestibles
 d - 7 bread rations
 g - 4 meat rations
 o - 6 slices of pizza
 A - 5 fruits
 J - 7 beef jerkies


   Skills:
 - Level 3.0 Fighting
 - Level 3.0 Dodging
 + Level 7.4 Shields
 + Level 9.2 Unarmed Combat
 + Level 5.9 Invocations


You had 8 spell levels left.
You didn't know any spells.

Dungeon Overview and Level Annotations

Branches:
Dungeon (9/15)             Temple (1/1) D:5
   Lair: D:8-11         Orc: D:9-12

Altars:
Ashenzari
Cheibriados
Dithmenos
Elyvilon
Fedhas
Gozag
Hepliaklqana
Kikubaaqudgha
Makhleb
Nemelex Xobeh
Okawaru
Qazlal
Ru
Sif Muna
Trog
Uskayaw
Vehumet
Xom
Yredelemnul
Zin
The Shining One

Shops:
D:6 (

Annotations:
D:9 Erica


Innate Abilities, Weirdness & Mutations

You are too large for most types of armour.
You have claws for hands.
Your metabolism is lightning-fast.
You like to eat raw meat.
Your natural rate of healing is unusually fast.
You are covered in fur. (AC +1)
You have very tough skin. (AC +2)


Message History

You miss something. Something hits you. Something burns you.
You scratch something but do no damage.
You hear some strange, mumbled words.
An orb of energy appears from out of thin air!
The orb of energy hits you!
* * * LOW HITPOINT WARNING * * *
The orb of energy explodes!
Okay, then.
You claw something! Something hits you!
* * * LOW HITPOINT WARNING * * *
Something burns you.
* * * LOW HITPOINT WARNING * * *
It was a potion of brilliance.
You feel clever all of a sudden. Something hits you!
* * * LOW HITPOINT WARNING * * *
Something burns you.
* * * LOW HITPOINT WARNING * * *
Something hits you!
You die...

#........#..#
#..........#
#........###
#........#
#######.##
##..# #..##
#.## #@#
#.....{#
#<.....#
#......#
#......#
#.......
#......#
#......#


There were no monsters in sight!

Vanquished Creatures
  Joseph (D:8)
  Prince Ribbit (D:5)
  Sigmund (D:5)
  A water moccasin (D:5)
  A phantom (D:6)
  An orc warrior (D:7)
  2 ice beasts (D:6)
  9 ogres
  A necrophage (D:7)
  3 sky beasts
  5 bullfrogs (D:6)
  A scorpion (D:4)
  3 wights (D:8)
  A killer bee (D:7)
  A howler monkey (D:5)
  A gnoll shaman (D:4)
  A bullfrog skeleton (D:8)
  3 orc priests
  2 hounds (D:4)
  A jelly (D:4)
  7 orc wizards
  An iguana (D:4)
  Terence (D:2)
  4 worker ants
  11 gnolls
  9 adders
  An ooze (D:2)
  3 adder skeletons
  An adder zombie (D:3)
  A worm (D:2)
  3 dart slugs
  4 leopard geckos
  11 orcs
  3 giant cockroaches
  5 goblins
  8 hobgoblins
  9 jackals
  4 kobolds
  A quokka (D:3)
  A ball python (D:4)
  4 bats
  3 frilled lizards
  A jackal zombie (D:6)
  A leopard gecko skeleton (D:6)
  A quokka skeleton (D:5)
  A quokka zombie (D:7)
  5 rats
144 creatures vanquished.

Notes
Turn   | Place    | Note
-------+----------+-------------------------------------------
     0 | D:1      | Ladykiller69 the Troll Fighter began the quest for the Orb.
     0 | D:1      | Reached XP level 1. HP: 22/22 MP: 0/0
   232 | D:1      | Reached XP level 2. HP: 29/29 MP: 1/1
   762 | D:2      | Reached XP level 3. HP: 36/36 MP: 2/2
   853 | D:2      | Found a shimmering altar of Xom.
   996 | D:2      | Noticed Terence
  1015 | D:2      | Killed Terence
  1015 | D:2      | Reached skill level 3 in Unarmed Combat
  1015 | D:2      | Reached XP level 4. HP: 15/44 MP: 3/3
  1526 | D:3      | Found a sparkling altar of Nemelex Xobeh.
  1583 | D:3      | Found a hazy altar of Hepliaklqana.
  1671 | D:3      | Found a faded altar of an unknown god.
  1671 | D:3      | Found a faded altar of an unknown god.
  1676 | D:3      | Found a basalt altar of Yredelemnul.
  1678 | D:3      | Found a faded altar of an unknown god.
  1679 | D:3      | Found a faded altar of an unknown god.
  1827 | D:4      | Reached XP level 5. HP: 37/53 MP: 4/4
  1866 | D:4      | Reached skill level 4 in Unarmed Combat
  1891 | D:4      | Reached XP level 6. HP: 61/61 MP: 5/5
  2148 | D:4      | Reached skill level 5 in Unarmed Combat
  2389 | D:5      | Entered Level 5 of the Dungeon
  2394 | D:5      | Reached XP level 7. HP: 42/67 MP: 6/6
  2488 | D:5      | Found a blossoming altar of Fedhas.
  2505 | D:5      | Noticed Prince Ribbit
  2516 | D:5      | Killed Prince Ribbit
  2516 | D:5      | Reached skill level 6 in Unarmed Combat
  2544 | D:5      | Found a staircase to the Ecumenical Temple.
  2554 | Temple   | Entered the Ecumenical Temple
  2649 | Temple   | Became a worshipper of Uskayaw the Reveler
  2718 | D:5      | Reached * piety under Uskayaw
  2720 | D:5      | Reached skill level 5 in Shields
  2749 | D:4      | Reached ** piety under Uskayaw
  3225 | D:5      | Noticed Sigmund
  3229 | D:5      | Killed Sigmund
  3229 | D:5      | Reached skill level 1 in Invocations
  3229 | D:5      | Reached XP level 8. HP: 75/75 MP: 6/8
  3557 | D:5      | Reached skill level 7 in Unarmed Combat
  3565 | D:5      | Reached *** piety under Uskayaw
  3817 | D:6      | Reached **** piety under Uskayaw
  3905 | D:6      | Found Kehubitz's Antique Weapon Emporium.
  4295 | D:6      | Reached XP level 9. HP: 60/81 MP: 11/11
  4525 | D:6      | Reached skill level 8 in Unarmed Combat
  4908 | D:7      | Reached skill level 5 in Invocations
  5264 | D:7      | You fall through a shaft!
  5768 | D:8      | Noticed Joseph
  5878 | D:8      | Killed Joseph
  5878 | D:8      | Reached skill level 9 in Unarmed Combat
  5892 | D:8      | Found a blossoming altar of Fedhas.
  6261 | D:9      | Noticed Erica
  6268 | D:9      | HP: 4/81 [something (8)]
  6268 | D:9      | HP: 1/81 [something (3)]
  6268 | D:9      | Mangled by Erica

Skill      XL: |  1  2  3  4  5  6  7  8  9 |
---------------+----------------------------+-----
Shields        | 3 4 5 6 7 |  7.4
Unarmed Combat | 3 4 5 6 7 9 |  9.2
Fighting       | 3 |  3.0
Dodging        | 3 |  3.0
Invocations    | 1 4 5 |  5.9

Action                   |  1- 3 |  4- 6 |  7- 9 || total
-------------------------+-------+-------+-------++-------
Melee: Unarmed           |    94 |   138 |   235 ||   467
Throw: Large rock        |       |       |     9 ||     9
       Stone             |       |       |     1 ||     1
  Use: Potion            |       |       |     1 ||     1
 Stab: Paralysed         |       |       |     7 ||     7
       Sleeping          |       |       |     2 ||     2
  Eat: Chunk             |    15 |    12 |    33 ||    60
Armor: Robe              |    21 |    36 |    36 ||    93
Dodge: Dodged            |    16 |    25 |    48 ||    89
Block: Shield            |    35 |    56 |    74 ||   165
